 Dungeon Crawl Stone Soup version 0.29-a0-553-g81b289dbe5 (webtiles) character file.

Game seed: 13360617617307045689

7824 HessuHobo the Basher (level 11, -1/160 HPs)
             Began as a Troll Berserker on June 6, 2022.
             Was a Priest of Trog.
             Slain by a red devil
             ... wielding a +0 trident
             ... summoned by a kobold demonologist
              (23 damage)
             ... on level 11 of the Dungeon.
             The game lasted 00:20:16 (9158 turns).

HessuHobo the Basher (Troll Berserker)              Turns: 9158, Time: 00:20:17

Health: -1/160     AC: -3    Str: 37    XL:     11   Next: 1%
Magic:  10/10      EV: 11    Int:  3    God:    Trog [***...]
Gold:   490        SH:  0    Dex:  9    Spells: 10/10 levels left

rFire   + . .      SeeInvis .   v - +0 morningstar
rCold   . . .      Faith    +   (no shield)
rNeg    . . .      Spirit   .   H - +1 robe of Vines {NoPotionHeal Regen++++}
rPois   .          Reflect  .   B - +2 hat
rElec   .          Harm     .   A - +0 cloak
rCorr   .          Rampage  .   (gloves unavailable)
Will    ++...                   (boots unavailable)
Stlth   ..........              K - amulet of faith
HPRegen 5.36/turn               G - +6 ring of strength
MPRegen 0.12/turn               x - ring of protection from fire

@: berserking, strong-willed (expiring), spiked, corroded, regenerating
(expiring), slowed
A: large, unfitting armour, claws 3, regeneration 1, shaggy fur 1, tough skin 1
a: Renounce Religion, Berserk, Trog's Hand


You were on level 11 of the Dungeon.
You worshipped Trog.
Trog was most pleased with you.
You visited 1 branch of the dungeon, and saw 11 of its levels.
You also visited: Sewer.

You collected 490 gold pieces.

Inventory:

Hand Weapons
 a - a +0 mace
 v - a +0 morningstar (weapon)
 y - a +0 giant spiked club
 z - a +0 flail
Missiles
 g - 4 silver boomerangs (quivered)
 E - 2 throwing nets
Armour
 b - a +0 animal skin
 A - a +0 cloak (worn)
 B - a +2 hat (worn)
 H - the +1 robe of Vines (worn) {NoPotionHeal Regen++++}
   (You found it on level 7 of the Dungeon)

   Its wearer cannot be healed by potions.
   Regen:     It increases your rate of health regeneration.
Jewellery
 i - a ring of protection from cold
 x - a ring of protection from fire (right claw)
 F - a ring of protection from cold
 G - a +6 ring of strength (left claw)
 K - an amulet of faith (around neck)
Wands
 r - a wand of digging (8)
 N - a wand of acid (3)
Scrolls
 c - a scroll of poison {unknown}
 e - a scroll of brand weapon {unknown}
 l - 2 scrolls of summoning {unknown}
 n - a scroll of silence {unknown}
 o - 2 scrolls of immolation
 p - a scroll of vulnerability {unknown}
 q - 2 scrolls of fear
 s - 3 scrolls of blinking
 u - 2 scrolls of enchant weapon {unknown}
 w - a scroll of teleportation
 I - a scroll of fog {unknown}
 J - 2 scrolls of amnesia {unknown}
 M - a scroll of noise {unknown}
Potions
 d - 9 potions of heal wounds
 f - 8 potions of curing
 h - a potion of magic {unknown}
 j - a potion of flight {unknown}
 k - 3 potions of mutation {unknown}
 m - 3 potions of lignification
 t - 2 potions of attraction {unknown}
 C - 3 potions of berserk rage
 D - 2 potions of might {unknown}
 L - a potion of degeneration {unknown}


   Skills:
 + Level 6.4 Fighting
 * Level 9.2 Maces & Flails
 + Level 6.2 Throwing
 + Level 5.7 Armour
 + Level 6.4 Dodging


You had 10 spell levels left.
You didn't know any spells.
Your spell library was empty.

Dungeon Overview and Level Annotations

Branches:
Dungeon (11/15)            Temple (0/1) D:5           Sewer (visited)
   Lair: D:8-11         Orc: D:9-12

Altars:
Wu Jian
Xom

Annotations:
D:3 2 transporters
D:5 exclusion: downstairs
D:6 4 runed translucent doors
D:7 exclusion: downstairs
D:11 3 runed translucent doors, blade888's ghost, journeyman OpVM


Innate Abilities, Weirdness & Mutations

You are too large for most types of armour.
You have claws for hands.
Your natural rate of healing is unusually fast.
You are covered in fur. (AC +1)
You have tough skin. (AC +1)


Message History

You sock the acid dragon!
The acid dragon is moderately wounded.
The red devil hits you from afar with a +0 trident.
Barbed spikes become lodged in your body.
The acid dragon closely misses you. The acid dragon claws you.
You hit the acid dragon.
The acid dragon is heavily wounded.
The red devil barely misses you. The acid dragon spits acid at you.
The splash of acid hits you!!
* * * LOW HITPOINT WARNING * * *
The acid corrodes you!
You hear a shout!
You closely miss the acid dragon.
The acid dragon is heavily wounded.
You hear a shout!
The red devil barely misses you. The acid dragon bites you!
* * * LOW HITPOINT WARNING * * *
The acid dragon closely misses you.
The kobold demonologist looks encouraged for a moment.
You closely miss the acid dragon.
The acid dragon is heavily wounded.
The red devil hits you from afar with a +0 trident!
* * * LOW HITPOINT WARNING * * *
Barbed spikes become lodged in your body.
The acid dragon bites you!
* * * LOW HITPOINT WARNING * * *
The acid dragon claws you.
* * * LOW HITPOINT WARNING * * *
You puncture the acid dragon!
You feel the power of Trog in you as your rage grows.
You kill the acid dragon!
Trog accepts your kill.
You feel the effects of Trog's Hand fading.
The red devil hits you from afar with a +0 trident!!
* * * LOW HITPOINT WARNING * * *
Barbed spikes become lodged in your body.
You miss the kobold demonologist.
The red devil hits you from afar with a +0 trident!!
You die...

## .. #. #4#####
######### #.K@..##
#.......#########..#
#.......'.<#######'##
##.......##.#........#
##.......##.'........#
.'.......####........#
##.......# #........#
####'#### #######+##
#####.#


You could see a kobold demonologist and a red devil (summoned).

Vanquished Creatures
  Josephine (D:11)
  2 two-headed ogres
  A gargoyle (D:10)
  A troll (D:7)
  2 wraiths (D:11)
  A basilisk (D:8)
  5 yaks (D:11)
  A steam dragon (D:6)
  4 vampire mosquitoes (D:8)
  A water moccasin (D:8)
  2 acid dragons (D:11)
  3 sky beasts
  2 ice beasts (D:5)
  2 black bears
  2 ogres
  5 centaurs
  4 scorpions
  5 bullfrogs
  2 necrophages
  3 killer bees (D:7)
  2 howler monkeys
  3 hounds
  A gnoll shaman (D:5)
  2 orc wizards
  An iguana (D:5)
  7 gnolls
  11 adders
  A river rat (D:3)
  3 white imps
  A worm (D:3)
  5 dart slugs
  11 orcs
  21 ball pythons
  11 endoplasms
  10 giant cockroaches
  7 goblins
  5 hobgoblins
  2 jackals (D:4)
  5 quokkas
  A bat (D:3)
  9 frilled lizards
  6 kobolds
  4 rats
178 creatures vanquished.

Vanquished Creatures (collateral kills)
  A hydra (D:7)
  A troll (D:7)
2 creatures vanquished.

Grand Total: 180 creatures vanquished

Notes
Turn   | Place    | Note
-------+----------+-------------------------------------------
     0 | D:1      | HessuHobo the Troll Berserker began the quest for the Orb.
     0 | D:1      | Reached XP level 1. HP: 22/22 MP: 0/0
    35 | D:1      | Found a faded altar of an unknown god.
    62 | D:1      | Reached XP level 2. HP: 29/29 MP: 1/1
   628 | D:2      | Reached skill level 3 in Maces & Flails
   628 | D:2      | Reached XP level 3. HP: 36/36 MP: 2/2
   901 | D:2      | Reached skill level 1 in Armour
  1365 | D:3      | Reached ** piety under Trog
  1720 | D:3      | Reached skill level 1 in Throwing
  1720 | D:3      | Reached XP level 4. HP: 31/44 MP: 3/3
  1733 | D:3      | Found a glowing drain.
  1742 | Sewer    | Entered a sewer
  2641 | Sewer    | Noticed a bullfrog
  2641 | Sewer    | Noticed a bullfrog
  2648 | Sewer    | Killed a bullfrog
  2649 | Sewer    | Reached XP level 5. HP: 29/53 MP: 4/4
  2801 | D:3      | Found a transporter.
  2801 | D:3      | Found a transporter.
  2811 | D:3      | Reached XP level 6. HP: 61/61 MP: 5/5
  2958 | D:3      | Noticed a kobold demonologist
  3498 | D:4      | Reached *** piety under Trog
  3726 | D:4      | Found a shimmering altar of Xom.
  3726 | D:4      | Found an ornate altar of the Wu Jian Council.
  4076 | D:4      | Reached skill level 4 in Maces & Flails
  4076 | D:4      | Reached XP level 7. HP: 51/67 MP: 6/6
  4315 | D:5      | Entered Level 5 of the Dungeon
  4860 | D:5      | Reached skill level 5 in Maces & Flails
  4860 | D:5      | Reached XP level 8. HP: 64/78 MP: 7/7
  4905 | D:5      | Found a staircase to the Ecumenical Temple.
  5380 | D:6      | Found a large runed translucent door.
  5380 | D:6      | Found a large runed translucent door.
  5578 | D:6      | Found a large runed translucent door.
  5578 | D:6      | Found a large runed translucent door.
  5651 | D:5      | Reached **** piety under Trog
  5691 | D:6      | Reached skill level 6 in Maces & Flails
  5713 | D:6      | Noticed a cyclops
  6168 | D:6      | Reached XP level 9. HP: 21/87 MP: 8/8
  6621 | D:7      | Reached skill level 5 in Dodging
  6749 | D:7      | Noticed a troll
  6750 | D:7      | Noticed an eight-headed hydra
  6767 | D:7      | Killed an eight-headed hydra
  6768 | D:7      | Reached skill level 5 in Fighting
  6768 | D:7      | Reached skill level 7 in Maces & Flails
  6769 | D:7      | Killed a troll
  6828 | D:7      | Found the +1 robe of Vines {NoPotionHeal Regen++++}
  6833 | D:7      | Noticed a troll
  6845 | D:7      | Killed a troll
  6846 | D:7      | Reached skill level 5 in Throwing
  8065 | D:8      | Reached XP level 10. HP: 92/97 MP: 9/9
  8122 | D:8      | Reached skill level 8 in Maces & Flails
  8425 | D:9      | Noticed a two-headed ogre
  8457 | D:9      | Killed a two-headed ogre
  8458 | D:9      | Reached skill level 5 in Armour
  8473 | D:9      | You fall into a shaft and drop 1 floor!
  8473 | D:10     | Entered Level 10 of the Dungeon
  8495 | D:10     | Noticed a gargoyle
  8543 | D:10     | Noticed a two-headed ogre
  8683 | D:11     | Found a runed translucent gate.
  8684 | D:11     | Found a runed translucent gate.
  8692 | D:11     | Found a runed translucent gate.
  8697 | D:11     | Noticed a two-headed ogre
  8701 | D:11     | Noticed blade888's ghost (journeyman OpVM)
  8702 | D:11     | Noticed a spectral centaur warrior
  8704 | D:11     | Killed a two-headed ogre
  8776 | D:11     | Noticed Josephine
  8897 | D:10     | Killed a gargoyle
  8898 | D:10     | Reached skill level 9 in Maces & Flails
  8993 | D:11     | Identified the +10 long sword of Anxiety {freeze, Int+3}
  9057 | D:11     | Killed Josephine
  9093 | D:11     | Reached XP level 11. HP: 107/107 MP: 10/10
  9158 | D:11     | Slain by a red devil

Illustrated notes

Levels and vault maps discovered:
D:1:      amcnicky_arrival_gap_in_the_tavern_cellar, layout_rooms,
          ebering_ecumenical_altar_petrified
D:2:      minmay_angry_zag, layout_basic, minmay_misc_feat_tiny
D:3:      gammafunk_wand_slinger, layout_basic, cheibrodos_sewer_entry_sluice
D:4:      layout_gridville, amethyst_overflow_temple_binary,
          minmay_tree_intersection, kennysheep_generic_room_8
D:5:      layout_loops_cross, minmay_temple_entry_glass
D:6:      layout_basic, minmay_hollow_rounded_squares, uniq_sigmund
D:7:      layout_basic, hellmonk_guarded_unrand_vines
D:8:      layout_loops_ring
D:9:      layout_loops_ring, mainiacjoe_overflow_surrounded_room,
          erik_lair_island, minmay_misc_feat_cross
D:10:     layout_big_octagon, enter_bailey_4, grunt_decor_mini_mirrors,
          uniq_lodul
D:11:     layout_roguey, gammafunk_ghost_necromancy, fountainhead, uniq_amaemon,
          uniq_josephine

Skill      XL: |  1  2  3  4  5  6  7  8  9 10 |
---------------+-------------------------------+-----
Maces & Flails | 3 4 5 6 7 9 |  9.2
Armour         | 1 2 3 4 5 |  5.7
Throwing       | 1 2 3 4 5 6 |  6.2
Dodging        | 3 4 5 6 |  6.4
Fighting       | 3 4 5 6 |  6.4

Action                   |  1- 3 |  4- 6 |  7- 9 | 10-12 || total
-------------------------+-------+-------+-------+-------++-------
Melee: Mace              |   121 |   186 |     7 |       ||   314
       Punch             |       |     1 |     2 |     2 ||     5
       Morningstar       |       |       |   303 |   176 ||   479
Throw: Dart              |       |     9 |     5 |     4 ||    18
       Boomerang         |       |       |     3 |     2 ||     5
Invok: Berserk           |       |     2 |     3 |     4 ||     9
       Trog's Hand       |       |       |     2 |     2 ||     4
       Brothers in Arms  |       |       |     1 |       ||     1
  Use: Scroll            |       |       |     6 |     2 ||     8
Armor: Animal skin       |    43 |    88 |   194 |       ||   325
       Robe              |       |       |    13 |    76 ||    89
Dodge: Dodged            |    63 |   156 |   198 |   124 ||   541

Table legend: (Time is in decaauts)
 A = Elapsed time spent in this place.
 B = Non-inter-level travel time spent in this place.
 C = Inter-level travel time spent in this place.
 D = Time resting spent in this place.
 E = Time spent auto-exploring this place.
 F = Levels seen in this place.
 G = Mean time per level.
                   A        B        C        D        E       F      G
               +--------+--------+--------+--------+--------+-----+--------+
         Total |   9497 |   9088 |    409 |   2664 |   4115 |  12 |  791.4 |
       Dungeon |   8408 |   7999 |    409 |   1982 |   3998 |  11 |  764.4 |
         Sewer |   1089 |   1089 |      0 |    682 |    117 |   1 | 1089.0 |
               +--------+--------+--------+--------+--------+-----+--------+

Top non-repeatable levels by time:
     D:5: 1220 daAuts
     D:8: 1116 daAuts
     D:3: 1091 daAuts
   Sewer: 1089 daAuts
     D:4: 1045 daAuts
     D:6: 923 daAuts
     D:7: 857 daAuts
     D:2: 666 daAuts
     D:1: 620 daAuts
    D:11: 498 daAuts
    D:10: 258 daAuts
     D:9: 108 daAuts
